1917 views
Uploaded 2023-08-12 18:31:51
Game version 1.36 (6115)
29:17 long 3on3 ladder game on (6)StranglethornVale
Saved by GIGA
1917 views
Uploaded 2023-08-12 18:31:51
Game version 1.36 (6115)
29:17 long 3on3 ladder game on (6)StranglethornVale


85 units @ 8.7k
/ 1.6k
130 buildings @ 11.3k
/ 6.1k


| Peasant | 18 | 1350 | / | 0 |
| Mortar Team | 7 | 1260 | / | 490 |
| Flying Machine | 25 | 2500 | / | 750 |
| total: | 50 | 5110g | / | 1240w |
| Scout Tower | 13 | 390 | / | 260 |
| Arcane Tower | 3 | 210 | / | 150 |
| Guard Tower | 4 | 280 | / | 200 |
| Altar of Kings | 3 | 540 | / | 150 |
| Farm | 21 | 1680 | / | 420 |
| Lumber Mill | 2 | 240 | / | 0 |
| Town Hall | 1 | 385 | / | 205 |
| Blacksmith | 1 | 140 | / | 60 |
| Workshop | 3 | 420 | / | 420 |
| Keep | 1 | 320 | / | 210 |
| Castle | 1 | 360 | / | 210 |
| total: | 44 | 3795g | / | 1515w |
| 0:03 | Peasant |
| 0:09 | Altar of Kings |
| 0:10 | Peasant |
| 0:20 | Farm |
| 0:21 | Peasant |
| 0:21 | Peasant |
| 0:30 | Peasant |
| 0:40 | Peasant |
| 0:51 | Peasant |
| 0:55 | Farm |
| 0:58 | Peasant |
| 1:04 | Peasant |
| 1:21 | Peasant |
| 1:25 | Scout Tower |
| 1:28 | Peasant |
| 1:37 | Peasant |
| 1:55 | Lumber Mill |
| 1:56 | Arcane Tower |
| 1:58 | Peasant |
| 2:03 | Scout Tower |
| 2:06 | Peasant |
| 2:10 | Storm Bolt |
| 2:17 | Peasant |
| 2:21 | Scout Tower |
| 2:33 | Peasant |
| 2:47 | Scout Tower |
| 2:49 | Arcane Tower |
| 3:12 | Guard Tower |
| 3:14 | Scout Tower |
| 3:20 | Scout Tower |
| 3:21 | Scout Tower |
| 3:23 | Peasant |
| 3:44 | Town Hall |
| 4:20 | Guard Tower |
| 4:21 | Scout Tower |
| 4:22 | Scout Tower |
| 4:29 | Guard Tower |
| 4:36 | Peasant |
| 5:34 | Bash |
| 5:57 | Keep |
| 6:01 | Improved Lumber Harvesting |
| 6:01 | Improved Masonry |
| 6:09 | Farm |
| 6:10 | Farm |
| 6:13 | Blacksmith |
| 6:15 | Farm |
| 6:17 | Farm |
| 6:33 | Guard Tower |
| 6:44 | Scout Tower |
| 6:46 | Scout Tower |
| 6:54 | Scout Tower |
| 6:55 | Scout Tower |
| 7:15 | Black Gunpowder |
| 7:38 | Lumber Mill |
| 7:52 | Arcane Tower |
| 7:58 | Holy Light |
| 8:23 | Altar of Kings |
| 8:50 | Refined Gunpowder |
| 8:57 | Castle |
| 9:04 | Workshop |
| 9:08 | Workshop |
| 9:15 | Workshop |
| 9:20 | Advanced Lumber Harvesting |
| 9:53 | Farm |
| 9:54 | Farm |
| 9:55 | Farm |
| 9:55 | Farm |
| 9:56 | Farm |
| 9:57 | Farm |
| 10:02 | Holy Light |
| 10:07 | Iron Plating |
| 10:14 | Flak Cannons |
| 10:15 | Flare |
| 10:39 | Mortar Team |
| 11:13 | Steel Plating |
| 11:20 | Farm |
| 11:21 | Farm |
| 11:23 | Farm |
| 11:29 | Fragmentation Shards |
| 11:29 | Flying Machine Bombs |
| 11:33 | Flying Machine |
| 12:00 | Flying Machine |
| 12:02 | Farm |
| 12:04 | Farm |
| 12:30 | Imbued Gunpowder |
| 12:35 | Flying Machine |
| 12:36 | Flying Machine |
| 12:36 | Flying Machine |
| 12:36 | Flying Machine |
| 12:36 | Flying Machine |
| 12:50 | Flying Machine |
| 13:27 | Flying Machine |
| 13:28 | Flying Machine |
| 14:03 | Flying Machine |
| 14:29 | Flying Machine |
| 14:29 | Flying Machine |
| 14:29 | Flying Machine |
| 14:31 | Flying Machine |
| 14:31 | Flying Machine |
| 14:31 | Flying Machine |
| 14:31 | Flying Machine |
| 14:31 | Flying Machine |
| 14:31 | Flying Machine |
| 15:47 | Bash |
| 16:41 | Mortar Team |
| 17:21 | Mortar Team |
| 17:21 | Mortar Team |
| 18:25 | Divine Shield |
| 19:56 | Mortar Team |
| 21:35 | Mortar Team |
| 21:35 | Mortar Team |
| 22:57 | Flying Machine |
| 22:58 | Flying Machine |
| 22:58 | Flying Machine |
| 22:58 | Flying Machine |
| 22:58 | Flying Machine |
| 23:51 | Altar of Kings |
| 27:18 | Farm |
| 27:45 | Farm |
| 28:13 | Farm |
| 28:35 | Farm |
| Right click | 1905 |
| Select group | 762 |
| Select | 404 |
| Build/train/purchase | 90 |
| Use ability | 59 |
| Misc. action | 53 |
| Resource trade | 31 |
| Assign group | 20 |
| Minimap ping | 10 |
| Esc | 5 |
Cabeelibob
(194)
(28:43) : 
| Healing Salve | 3 | 300 |
| Lesser Clarity Potion | 3 | 210 |
| Orb of Lightning | 1 | 375 |
| Boots of Speed | 1 | 250 |
| Staff of Teleportation | 1 | 150 |
| total: | 9 | 1285g |
| Peon | 12 | 900 | / | 0 |
| Troll Witch Doctor | 5 | 725 | / | 125 |
| Kodo Beast | 1 | 255 | / | 60 |
| Goblin Zeppelin | 1 | 240 | / | 60 |
| total: | 19 | 2120g | / | 245w |
| Watch Tower | 40 | 4400 | / | 3200 |
| Altar of Storms | 1 | 180 | / | 50 |
| Orc Burrow | 2 | 320 | / | 80 |
| War Mill | 1 | 205 | / | 0 |
| Voodoo Lounge | 1 | 130 | / | 30 |
| Spirit Lodge | 1 | 150 | / | 150 |
| Beastiary | 1 | 145 | / | 140 |
| Stronghold | 1 | 315 | / | 190 |
| Fortress | 1 | 325 | / | 190 |
| total: | 47 | 5530g | / | 3650w |
| 0:03 | Altar of Storms |
| 0:09 | Orc Burrow |
| 0:10 | Peon |
| 0:13 | Peon |
| 0:27 | Peon |
| 1:07 | War Mill |
| 1:17 | Peon |
| 1:29 | Peon |
| 1:39 | Peon |
| 1:51 | Peon |
| 2:05 | Voodoo Lounge |
| 2:29 | Peon |
| 3:12 | Wind Walk |
| 3:31 | Peon |
| 3:31 | Peon |
| 3:36 | Healing Salve |
| 3:36 | Lesser Clarity Potion |
| 3:46 | Peon |
| 3:46 | Peon |
| 4:32 | Orc Burrow |
| 6:20 | Healing Salve |
| 6:26 | Spiked Barricades |
| 7:32 | Watch Tower |
| 7:32 | Watch Tower |
| 7:57 | Critical Strike |
| 8:57 | Stronghold |
| 9:03 | Watch Tower |
| 9:06 | Watch Tower |
| 9:26 | Lesser Clarity Potion |
| 10:41 | Boots of Speed |
| 10:42 | Staff of Teleportation |
| 10:51 | Watch Tower |
| 10:51 | Watch Tower |
| 11:53 | Reinforced Defenses |
| 12:00 | Fortress |
| 12:45 | Spirit Lodge |
| 13:32 | Beastiary |
| 13:36 | Watch Tower |
| 13:39 | Watch Tower |
| 14:03 | Witch Doctor Adept Training |
| 14:10 | Troll Witch Doctor |
| 15:16 | Witch Doctor Master Training |
| 16:08 | War Drums Damage Increase |
| 16:56 | Healing Salve |
| 17:01 | Lesser Clarity Potion |
| 17:06 | Watch Tower |
| 17:08 | Watch Tower |
| 17:08 | Watch Tower |
| 17:09 | Watch Tower |
| 17:14 | Watch Tower |
| 17:20 | Orb of Lightning |
| 17:59 | Critical Strike |
| 18:15 | Troll Witch Doctor |
| 18:15 | Troll Witch Doctor |
| 18:15 | Troll Witch Doctor |
| 18:15 | Troll Witch Doctor |
| 18:35 | Watch Tower |
| 18:36 | Watch Tower |
| 18:37 | Watch Tower |
| 18:37 | Watch Tower |
| 18:45 | Watch Tower |
| 18:48 | Watch Tower |
| 19:51 | Watch Tower |
| 19:51 | Watch Tower |
| 19:52 | Watch Tower |
| 19:54 | Watch Tower |
| 19:55 | Watch Tower |
| 20:52 | Watch Tower |
| 20:54 | Watch Tower |
| 20:57 | Watch Tower |
| 21:44 | Wind Walk |
| 22:06 | Watch Tower |
| 22:06 | Watch Tower |
| 22:07 | Watch Tower |
| 22:15 | Watch Tower |
| 22:17 | Watch Tower |
| 22:18 | Watch Tower |
| 22:18 | Watch Tower |
| 22:19 | Watch Tower |
| 22:20 | Watch Tower |
| 22:21 | Watch Tower |
| 22:23 | Watch Tower |
| 22:23 | Watch Tower |
| 22:24 | Watch Tower |
| 23:18 | Kodo Beast |
| 25:36 | Goblin Zeppelin |
| Right click | 1282 |
| Select | 166 |
| Select group | 122 |
| Misc. action | 95 |
| Resource trade | 80 |
| Build/train/purchase | 79 |
| Use ability | 14 |
| Chat | 6 |
| Assign group | 4 |
| Item give/drop | 3 |
| Remove unit | 2 |
| Minimap ping | 1 |
GIGA
(207)
(28:46) : 

| Peasant | 15 | 1125 | / | 0 |
| Goblin Shredder | 1 | 375 | / | 100 |
| total: | 16 | 1500g | / | 100w |
| Scout Tower | 30 | 900 | / | 600 |
| Arcane Tower | 8 | 560 | / | 400 |
| Guard Tower | 6 | 420 | / | 300 |
| Altar of Kings | 1 | 180 | / | 50 |
| Farm | 4 | 320 | / | 80 |
| Lumber Mill | 2 | 240 | / | 0 |
| Barracks | 1 | 160 | / | 60 |
| Arcane Sanctum | 1 | 150 | / | 140 |
| Keep | 2 | 640 | / | 420 |
| total: | 39 | 1950g | / | 930w |
| 0:03 | Peasant |
| 0:03 | Peasant |
| 0:07 | Altar of Kings |
| 0:11 | Farm |
| 0:11 | Farm |
| 0:24 | Lumber Mill |
| 0:31 | Peasant |
| 0:45 | Peasant |
| 0:57 | Peasant |
| 1:16 | Peasant |
| 1:20 | Farm |
| 1:25 | Peasant |
| 1:25 | Peasant |
| 1:28 | Scout Tower |
| 1:34 | Peasant |
| 1:43 | Improved Lumber Harvesting |
| 1:45 | Peasant |
| 1:53 | Scout Tower |
| 1:59 | Arcane Tower |
| 2:04 | Barracks |
| 2:12 | Storm Bolt |
| 2:35 | Peasant |
| 2:36 | Peasant |
| 2:36 | Peasant |
| 2:36 | Peasant |
| 2:37 | Guard Tower |
| 3:19 | Scout Tower |
| 3:20 | Scout Tower |
| 3:20 | Scout Tower |
| 3:21 | Scout Tower |
| 3:22 | Scout Tower |
| 3:23 | Scout Tower |
| 3:23 | Scout Tower |
| 3:24 | Scout Tower |
| 3:29 | Peasant |
| 3:41 | Improved Masonry |
| 3:51 | Keep |
| 4:20 | Guard Tower |
| 4:36 | Guard Tower |
| 4:41 | Scout Tower |
| 4:44 | Scout Tower |
| 5:06 | Goblin Shredder |
| 5:59 | Guard Tower |
| 6:05 | Farm |
| 6:17 | Scout Tower |
| 6:17 | Scout Tower |
| 6:18 | Scout Tower |
| 6:19 | Scout Tower |
| 6:52 | Advanced Masonry |
| 7:00 | Guard Tower |
| 7:05 | Scout Tower |
| 7:06 | Scout Tower |
| 7:06 | Scout Tower |
| 7:07 | Scout Tower |
| 7:19 | Scout Tower |
| 7:20 | Scout Tower |
| 7:21 | Scout Tower |
| 7:31 | Lumber Mill |
| 7:49 | Arcane Tower |
| 7:56 | Arcane Sanctum |
| 7:59 | Arcane Tower |
| 8:05 | Scout Tower |
| 8:06 | Scout Tower |
| 8:33 | Arcane Tower |
| 8:37 | Scout Tower |
| 8:37 | Scout Tower |
| 8:39 | Scout Tower |
| 9:08 | Arcane Tower |
| 9:10 | Magic Sentry |
| 9:22 | Guard Tower |
| 9:30 | Arcane Tower |
| 9:58 | Arcane Tower |
| 11:25 | Scout Tower |
| 11:29 | Scout Tower |
| 12:20 | Arcane Tower |
| 17:54 | Divine Shield |
| 22:58 | Storm Bolt |
| Right click | 1390 |
| Select group | 513 |
| Select | 403 |
| Build/train/purchase | 51 |
| Resource trade | 42 |
| Use ability | 26 |
| Minimap ping | 22 |
| Assign group | 19 |
| Misc. action | 4 |
| Esc | 4 |
170 units @ 21k
/ 3.2k
80 buildings @ 12.4k
/ 5.8k



| Orb of Lightning | 1 | 375 |
| Healing Salve | 2 | 200 |
| Lesser Clarity Potion | 1 | 70 |
| Scroll of Speed | 1 | 50 |
| Dust of Appearance | 1 | 75 |
| Scroll of Town Portal | 3 | 1050 |
| Potion of Lesser Invulnerability | 1 | 150 |
| Boots of Speed | 2 | 500 |
| Periapt of Vitality | 2 | 650 |
| Scroll of Regeneration | 2 | 200 |
| total: | 16 | 3320g |
| Peon | 20 | 1500 | / | 0 |
| Troll Headhunter | 14 | 1960 | / | 280 |
| Kodo Beast | 3 | 765 | / | 180 |
| Shaman | 8 | 1040 | / | 160 |
| Troll Witch Doctor | 7 | 1015 | / | 175 |
| Raider | 2 | 360 | / | 80 |
| total: | 54 | 6640g | / | 875w |
| Watch Tower | 2 | 220 | / | 160 |
| Orc Burrow | 7 | 1120 | / | 280 |
| Altar of Storms | 1 | 180 | / | 50 |
| War Mill | 1 | 205 | / | 0 |
| Barracks | 2 | 360 | / | 100 |
| Voodoo Lounge | 2 | 260 | / | 60 |
| Great Hall | 1 | 385 | / | 185 |
| Beastiary | 1 | 145 | / | 140 |
| Spirit Lodge | 3 | 450 | / | 450 |
| Stronghold | 1 | 315 | / | 190 |
| Fortress | 2 | 650 | / | 380 |
| total: | 20 | 3325g | / | 1425w |
| 0:02 | Peon |
| 0:02 | Peon |
| 0:15 | Orc Burrow |
| 0:22 | Altar of Storms |
| 0:28 | Peon |
| 0:28 | Peon |
| 0:39 | Peon |
| 0:53 | War Mill |
| 1:04 | Peon |
| 1:20 | Barracks |
| 1:29 | Peon |
| 1:48 | Orc Burrow |
| 2:12 | Barracks |
| 2:24 | Endurance Aura |
| 2:28 | Troll Headhunter |
| 2:37 | Troll Headhunter |
| 2:48 | Troll Headhunter |
| 3:08 | Steel Ranged Weapons |
| 3:13 | Orc Burrow |
| 3:32 | Troll Headhunter |
| 3:33 | Troll Headhunter |
| 3:33 | Troll Headhunter |
| 3:55 | Troll Headhunter |
| 4:01 | Troll Headhunter |
| 4:24 | Troll Headhunter |
| 4:31 | Voodoo Lounge |
| 4:39 | Dust of Appearance |
| 4:43 | War Stomp |
| 5:04 | Troll Headhunter |
| 6:27 | Stronghold |
| 6:31 | Orc Burrow |
| 6:34 | Steel Armor |
| 6:36 | Troll Headhunter |
| 7:05 | Watch Tower |
| 7:09 | Watch Tower |
| 7:43 | Potion of Lesser Invulnerability |
| 8:02 | Spiked Barricades |
| 8:03 | Improved Spiked Barricades |
| 8:04 | Troll Headhunter |
| 8:49 | Endurance Aura |
| 8:49 | Endurance Aura |
| 8:56 | Troll Regeneration |
| 8:58 | Reinforced Defenses |
| 9:50 | Fortress |
| 9:53 | Thorium Ranged Weapons |
| 9:54 | Arcanite Ranged Weapons |
| 9:58 | Hex |
| 11:33 | Thorium Armor |
| 11:38 | Beastiary |
| 12:43 | Great Hall |
| 12:47 | Peon |
| 13:55 | War Drums Damage Increase |
| 13:55 | Kodo Beast |
| 14:40 | Peon |
| 14:40 | Peon |
| 14:40 | Peon |
| 14:40 | Peon |
| 14:41 | Peon |
| 15:56 | Spirit Lodge |
| 15:59 | Spirit Lodge |
| 16:52 | Voodoo Lounge |
| 17:18 | Scroll of Town Portal |
| 17:20 | Healing Wave |
| 17:58 | Shaman Adept Training |
| 18:00 | Peon |
| 18:00 | Peon |
| 18:00 | Peon |
| 18:00 | Peon |
| 18:00 | Peon |
| 18:00 | Peon |
| 18:06 | Scroll of Town Portal |
| 18:10 | Boots of Speed |
| 19:28 | War Stomp |
| 19:51 | Witch Doctor Adept Training |
| 19:52 | Shaman Master Training |
| 19:52 | Shaman |
| 19:53 | Shaman |
| 20:05 | Spirit Lodge |
| 20:39 | Berserker Upgrade |
| 20:39 | Troll Headhunter |
| 20:42 | Troll Witch Doctor |
| 20:42 | Shaman |
| 20:52 | Witch Doctor Master Training |
| 20:53 | Troll Witch Doctor |
| 20:53 | Troll Witch Doctor |
| 20:53 | Troll Witch Doctor |
| 20:53 | Troll Witch Doctor |
| 20:55 | Shaman |
| 20:55 | Shaman |
| 20:58 | Troll Headhunter |
| 20:59 | Wind Walk |
| 21:01 | Scroll of Town Portal |
| 21:02 | Orb of Lightning |
| 21:02 | Healing Salve |
| 21:02 | Lesser Clarity Potion |
| 21:03 | Scroll of Speed |
| 21:17 | Kodo Beast |
| 21:41 | Boots of Speed |
| 21:50 | Periapt of Vitality |
| 21:51 | Periapt of Vitality |
| 22:12 | Troll Witch Doctor |
| 22:13 | Shaman |
| 22:20 | Hex |
| 22:27 | Scroll of Regeneration |
| 22:27 | Scroll of Regeneration |
| 22:55 | Healing Salve |
| 23:00 | Shaman |
| 24:53 | Endurance Aura |
| 24:54 | Endurance Aura |
| 25:25 | Ensnare |
| 25:26 | Raider |
| 25:26 | Raider |
| 25:29 | Shaman |
| 25:30 | Troll Witch Doctor |
| 25:35 | Healing Wave |
| 25:35 | Healing Wave |
| 26:37 | Pillage |
| 26:40 | Arcanite Armor |
| 26:46 | Orc Burrow |
| 27:01 | Orc Burrow |
| 27:02 | Orc Burrow |
| 27:06 | Critical Strike |
| 27:06 | Critical Strike |
| 27:58 | Peon |
| 28:03 | Kodo Beast |
| Right click | 904 |
| Select | 847 |
| Misc. action | 359 |
| Build/train/purchase | 138 |
| Use ability | 52 |
| Item give/drop | 3 |
| Minimap ping | 1 |

| Scroll of Regeneration | 3 | 300 |
| Lesser Clarity Potion | 4 | 280 |
| Potion of Healing | 1 | 150 |
| Potion of Mana | 1 | 200 |
| Scroll of Town Portal | 1 | 350 |
| total: | 10 | 1280g |
| Peasant | 23 | 1725 | / | 0 |
| Rifleman | 14 | 2870 | / | 420 |
| Mortar Team | 8 | 1440 | / | 560 |
| Flying Machine | 12 | 1200 | / | 360 |
| total: | 57 | 7235g | / | 1340w |
| Scout Tower | 1 | 30 | / | 20 |
| Arcane Tower | 1 | 70 | / | 50 |
| Altar of Kings | 1 | 180 | / | 50 |
| Farm | 12 | 960 | / | 240 |
| Barracks | 1 | 160 | / | 60 |
| Blacksmith | 2 | 280 | / | 120 |
| Lumber Mill | 2 | 240 | / | 0 |
| Arcane Vault | 3 | 390 | / | 90 |
| Town Hall | 3 | 1155 | / | 615 |
| Workshop | 4 | 560 | / | 560 |
| Keep | 2 | 640 | / | 420 |
| Castle | 1 | 360 | / | 210 |
| total: | 29 | 3955g | / | 1755w |
| 0:01 | Peasant |
| 0:01 | Peasant |
| 0:18 | Altar of Kings |
| 0:26 | Peasant |
| 0:33 | Farm |
| 0:36 | Peasant |
| 0:47 | Peasant |
| 0:55 | Peasant |
| 1:13 | Peasant |
| 1:19 | Barracks |
| 1:30 | Blacksmith |
| 1:35 | Scout Tower |
| 1:37 | Peasant |
| 1:42 | Peasant |
| 1:48 | Farm |
| 1:52 | Peasant |
| 2:07 | Arcane Tower |
| 2:15 | Farm |
| 2:18 | Holy Light |
| 2:27 | Farm |
| 2:43 | Rifleman |
| 2:50 | Peasant |
| 3:00 | Rifleman |
| 3:16 | Farm |
| 3:21 | Rifleman |
| 3:33 | Black Gunpowder |
| 3:47 | Rifleman |
| 3:59 | Farm |
| 4:22 | Rifleman |
| 4:23 | Studded Leather Armor |
| 4:42 | Devotion Aura |
| 4:55 | Rifleman |
| 5:25 | Keep |
| 5:53 | Farm |
| 5:56 | Lumber Mill |
| 6:08 | Rifleman |
| 6:36 | Rifleman |
| 6:40 | Farm |
| 6:44 | Farm |
| 6:59 | Improved Lumber Harvesting |
| 7:00 | Improved Masonry |
| 7:52 | Refined Gunpowder |
| 7:53 | Long Rifles |
| 7:56 | Workshop |
| 7:59 | Workshop |
| 8:31 | Arcane Vault |
| 8:47 | Advanced Lumber Harvesting |
| 8:49 | Reinforced Leather Armor |
| 8:51 | Holy Light |
| 9:02 | Mortar Team |
| 9:11 | Mortar Team |
| 9:19 | Flare |
| 9:51 | Town Hall |
| 10:10 | Advanced Masonry |
| 10:44 | Farm |
| 10:47 | Farm |
| 11:09 | Mortar Team |
| 11:13 | Farm |
| 11:41 | Scroll of Regeneration |
| 11:41 | Lesser Clarity Potion |
| 11:43 | Scroll of Town Portal |
| 11:47 | Potion of Healing |
| 12:38 | Mortar Team |
| 12:52 | Flying Machine |
| 13:45 | Castle |
| 14:31 | Mortar Team |
| 15:00 | Mortar Team |
| 15:52 | Flak Cannons |
| 15:53 | Flying Machine |
| 15:53 | Flying Machine |
| 16:10 | Peasant |
| 16:10 | Peasant |
| 16:10 | Peasant |
| 16:10 | Peasant |
| 16:18 | Fragmentation Shards |
| 16:54 | Flying Machine |
| 16:56 | Flying Machine |
| 17:08 | Imbued Gunpowder |
| 17:30 | Peasant |
| 18:01 | Flying Machine |
| 18:01 | Flying Machine |
| 18:01 | Flying Machine |
| 18:01 | Flying Machine |
| 18:02 | Flying Machine |
| 18:37 | Keep |
| 19:14 | Divine Shield |
| 21:36 | Arcane Vault |
| 22:03 | Town Hall |
| 22:32 | Scroll of Regeneration |
| 22:32 | Lesser Clarity Potion |
| 22:35 | Potion of Mana |
| 22:41 | Blacksmith |
| 22:56 | Devotion Aura |
| 23:12 | Lesser Clarity Potion |
| 23:56 | Rifleman |
| 23:57 | Rifleman |
| 24:00 | Workshop |
| 24:01 | Workshop |
| 24:36 | Scroll of Regeneration |
| 24:36 | Lesser Clarity Potion |
| 24:52 | Rifleman |
| 24:52 | Rifleman |
| 24:55 | Peasant |
| 24:55 | Peasant |
| 25:09 | Mortar Team |
| 25:10 | Mortar Team |
| 25:19 | Lumber Mill |
| 25:27 | Arcane Vault |
| 25:43 | Peasant |
| 25:43 | Peasant |
| 25:44 | Peasant |
| 25:44 | Peasant |
| 26:33 | Peasant |
| 26:39 | Rifleman |
| 26:58 | Town Hall |
| 27:13 | Devotion Aura |
| 27:40 | Rifleman |
| 27:42 | Flying Machine |
| 27:43 | Flying Machine |
| Select group | 1706 |
| Right click | 1588 |
| Select | 678 |
| Misc. action | 224 |
| Build/train/purchase | 116 |
| Assign group | 73 |
| Use ability | 63 |
| Item give/drop | 7 |
| Minimap ping | 7 |
| Resource trade | 5 |
| Remove unit | 1 |
⇛
passionjang
(28:45) : 
x1)
| Staff of Teleportation | 1 | 150 |
| Tome of Retraining | 1 | 300 |
| total: | 2 | 450g |
| Wisp | 42 | 2520 | / | 0 |
| Huntress | 4 | 780 | / | 80 |
| Chimaera | 9 | 2970 | / | 630 |
| Glaive Thrower | 2 | 420 | / | 130 |
| Goblin Zeppelin | 2 | 480 | / | 120 |
| total: | 59 | 7170g | / | 960w |
| Ancient Protector | 11 | 1485 | / | 880 |
| Altar of Elders | 1 | 180 | / | 50 |
| Ancient of War | 4 | 600 | / | 240 |
| Moon Well | 7 | 1260 | / | 280 |
| Hunter's Hall | 1 | 210 | / | 100 |
| Tree of Life | 2 | 680 | / | 370 |
| Ancient of Wonders | 1 | 90 | / | 30 |
| Ancient of Wind | 1 | 150 | / | 140 |
| Chimaera Roost | 3 | 420 | / | 570 |
| Tree of Ages | 3 | 960 | / | 540 |
| Tree of Eternity | 2 | 660 | / | 400 |
| total: | 31 | 5075g | / | 2660w |
| 0:02 | Wisp |
| 0:11 | Wisp |
| 0:17 | Altar of Elders |
| 0:19 | Ancient of War |
| 0:23 | Wisp |
| 0:31 | Moon Well |
| 0:36 | Wisp |
| 0:56 | Ancient of War |
| 0:58 | Wisp |
| 1:01 | Wisp |
| 1:12 | Wisp |
| 1:31 | Moon Well |
| 1:33 | Wisp |
| 1:33 | Wisp |
| 1:50 | Wisp |
| 2:02 | Wisp |
| 2:28 | Wisp |
| 2:30 | Hunter's Hall |
| 2:34 | Wisp |
| 2:41 | Searing Arrows |
| 2:46 | Wisp |
| 3:01 | Ancient of War |
| 3:08 | Wisp |
| 3:24 | Moon Well |
| 3:34 | Huntress |
| 3:43 | Staff of Teleportation |
| 4:19 | Huntress |
| 4:36 | Sentinel |
| 4:53 | Huntress |
| 5:09 | Wisp |
| 5:35 | Huntress |
| 5:58 | Ancient Protector |
| 6:15 | Tree of Ages |
| 6:24 | Trueshot Aura |
| 6:43 | Ancient Protector |
| 7:00 | Tree of Life |
| 7:43 | Strength of the Moon |
| 7:43 | Improved Strength of the Moon |
| 7:43 | Moon Armor |
| 8:46 | Tree of Life |
| 8:56 | Ancient Protector |
| 8:59 | Moon Well |
| 9:04 | Wisp |
| 9:04 | Wisp |
| 9:16 | Moon Glaive |
| 9:17 | Wisp |
| 9:17 | Wisp |
| 9:20 | Ultravision |
| 9:27 | Wisp |
| 9:57 | Wisp |
| 10:12 | Tree of Eternity |
| 10:15 | Wisp |
| 10:21 | Ancient of Wind |
| 10:41 | Strength of the Wild |
| 10:41 | Improved Strength of the Wild |
| 10:45 | Wisp |
| 10:45 | Wisp |
| 11:06 | Trueshot Aura |
| 11:21 | Wisp |
| 11:22 | Ancient Protector |
| 11:26 | Ancient of Wonders |
| 11:26 | Wisp |
| 11:27 | Wisp |
| 11:29 | Wisp |
| 11:29 | Wisp |
| 11:29 | Wisp |
| 11:29 | Wisp |
| 11:29 | Wisp |
| 11:46 | Moon Well |
| 11:52 | Wisp |
| 12:07 | Tree of Ages |
| 12:11 | Nature's Blessing |
| 12:34 | Chimaera Roost |
| 12:35 | Chimaera Roost |
| 12:44 | Wisp |
| 12:46 | Wisp |
| 12:46 | Wisp |
| 12:48 | Wisp |
| 12:48 | Wisp |
| 13:07 | Tome of Retraining |
| 13:07 | Retrain Hero |
| 13:09 | Trueshot Aura |
| 13:09 | Trueshot Aura |
| 13:10 | Scout |
| 13:22 | Chimaera Roost |
| 14:03 | Chimaera |
| 14:33 | Advanced Strength of the Wild |
| 14:45 | Corrosive Breath |
| 14:52 | Goblin Zeppelin |
| 14:53 | Goblin Zeppelin |
| 15:06 | Chimaera |
| 15:37 | Chimaera |
| 16:12 | Chimaera |
| 16:14 | Ancient of War |
| 16:51 | Chimaera |
| 17:37 | Moon Well |
| 17:37 | Moon Well |
| 17:41 | Ancient Protector |
| 17:42 | Ancient Protector |
| 17:42 | Wisp |
| 18:07 | Vorpal Blades |
| 18:35 | Glaive Thrower |
| 19:15 | Scout |
| 19:23 | Glaive Thrower |
| 19:27 | Ancient Protector |
| 19:28 | Ancient Protector |
| 19:31 | Ancient Protector |
| 19:31 | Wisp |
| 19:32 | Wisp |
| 20:29 | Ancient Protector |
| 20:30 | Ancient Protector |
| 20:32 | Reinforced Hides |
| 20:32 | Improved Reinforced Hides |
| 21:44 | Trueshot Aura |
| 21:53 | Well Spring |
| 22:47 | Chimaera |
| 23:35 | Chimaera |
| 23:56 | Starfall |
| 24:20 | Chimaera |
| 26:24 | Chimaera |
| 27:16 | Searing Arrows |
| Select group | 6131 |
| Right click | 1680 |
| Select | 443 |
| Misc. action | 264 |
| Build/train/purchase | 130 |
| Assign group | 74 |
| Use ability | 28 |
| Resource trade | 25 |
| Minimap ping | 9 |
| Esc | 4 |
| Item give/drop | 3 |